 Dungeon Crawl Stone Soup version 0.28-a0-1447-ga5a8893891 (webtiles) character file.

Game seed: 14490580589866536162

193 knot the Chopper (level 5, 14/41 HPs)
             Began as a Demonspawn Berserker on Jan 12, 2022.
             Was a Believer of Trog.
             Quit the game on level 4 of the Dungeon.
             The game lasted 00:07:10 (4307 turns).

knot the Chopper (Demonspawn Berserker)             Turns: 4307, Time: 00:07:10

Health: 14/41      AC: 10    Str: 17    XL:     5   Next: 43%
Magic:  5/5        EV: 11    Int: 11    God:    Trog [**....]
Gold:   125        SH:  0    Dex: 12    Spells: 4/4 levels left

rFire   . . .      SeeInvis +   a - +0 hand axe
rCold   . . .      Faith    .   s - orb {light}
rNeg    . . .      Spirit   .   k - +0 ring mail
rPois   .          Reflect  .   (no helmet)
rElec   .          Harm     .   (no cloak)
rCorr   .          Rampage  .   r - +0 pair of gloves
Will    .....                   (no boots)
Stlth   ..........              (no amulet)
HPRegen 0.13/turn               i - +4 ring of protection
MPRegen 0.18/turn               p - ring of see invisible

@: glowing, very slow
A: hooves 1, magic regeneration
a: Renounce Religion, Berserk, Trog's Hand


You were on level 4 of the Dungeon.
You worshipped Trog.
Trog was pleased with you.
You visited 1 branch of the dungeon, and saw 4 of its levels.

You collected 125 gold pieces.

Inventory:

Hand Weapons
 a - a +0 hand axe (weapon)
Missiles
 c - 118 stones (quivered)
Armour
 k - a +0 ring mail (worn)
 r - a +0 pair of gloves (worn)
 s - an orb of light (worn)
Jewellery
 i - a +4 ring of protection (left hand)
 p - a ring of see invisible (right hand)
Wands
 u - a wand of digging (4)
Scrolls
 b - 2 scrolls of identify {unknown}
 d - a scroll of brand weapon {unknown}
 j - a scroll of silence {unknown}
 m - a scroll of immolation {unknown}
 n - a scroll of teleportation {unknown}
Potions
 e - a potion of brilliance {unknown}
 f - a potion of mutation {unknown}
 g - a potion of curing {unknown}
 h - a potion of attraction {unknown}
 l - a potion of degeneration {unknown}
 o - a potion of invisibility {unknown}
 q - 4 potions of might {unknown}
 t - a potion of heal wounds {unknown}


   Skills:
 - Level 3.0 Fighting
 + Level 5.6 Axes
 - Level 1.7 Armour
 - Level 1.7 Dodging


You had 4 spell levels left.
You didn't know any spells.
Your spell library contained the following spells:

 Spells                   Type           Power      Damage    Failure   Level
 Beastly Appendage        Tmut           0%         N/A       54%         1
 Wereblood                Tmut           0%         N/A       67%         2
 Gell's Gravitas          Tloc           0%         N/A       88%         3
 Lesser Beckoning         Tloc           0%         N/A       88%         3
 Spider Form              Tmut/Pois      0%         N/A       88%         3
 Teleport Other           Tloc           0%         N/A       88%         3


Dungeon Overview and Level Annotations

Branches:
Dungeon (4/15)
 Temple: D:4-7

Altars:


Innate Abilities, Weirdness & Mutations

You have large cloven feet.
You regenerate magic rapidly.


Message History

You barely miss the phantom.
The phantom is almost destroyed.
The phantom hits you.
The phantom blinks!
You blink.
Splash!
You fall into the shallow water.
Moving in this stuff is going to be slow.
Your unstable footing causes you to fumble your attack.
The phantom hits you but does no damage.
You hit the phantom.
The phantom is almost destroyed.
You hit the plant.
The plant begins to die.
The phantom hits you.
The phantom blinks!
You blink.
Splash!
The phantom barely misses you.
You are too injured to fight recklessly!
You are too injured to fight recklessly!
You are too injured to fight recklessly!
You are too injured to fight recklessly!
You barely miss the phantom.
The phantom is almost destroyed.
The phantom barely misses you.
Your unstable footing causes you to fumble your attack.
The phantom hits you but does no damage.
Your unstable footing causes you to fumble your attack.
The phantom hits you but does no damage.
You hit the phantom but do no damage.
The phantom is almost destroyed.
A nearby plant withers and dies.
The phantom hits you.
Your unstable footing causes you to fumble your attack.
The phantom hits you but does no damage.
Your unstable footing causes you to fumble your attack.
The phantom hits you but does no damage.
You hit the phantom.
You destroy the phantom!
Trog accepts your kill.
You have reached level 5!
You feel monstrous as your demonic heritage exerts itself.
Your demonic ancestry asserts itself...
Your feet thicken and deform.
Are you sure you want to abandon this character and quit the game? (Confirm with "yes".)

### #.. ## #.# .# #.# .#
### #.# .########.##
#.#########
...........###.##.......
#########....[.........#
#####.≈.@.####[# #####
#.P...### .# ....#
#.P≈.≈.≈≈# .# ###.#
#P≈≈≈♣♣♣≈..#.# #.#
#P≈≈♣♣ ♣≈≈...# #.# #P≈P♣
♣≈≈...# ##.## ..PP≈♣
♣♣≈P#.# ##...####.#≈≈≈P
♣≈≈##.# #..#.......
≈≈≈P# .#


There were no monsters in sight!

Vanquished Creatures
  A phantom (D:4)
  An orc wizard (D:3)
  2 adders
  A worm (D:2)
  A dart slug (D:3)
  4 orcs (D:3)
  4 endoplasms
  4 giant cockroaches
  2 goblins
  8 hobgoblins
  2 jackals (D:1)
  6 quokkas
  6 ball pythons
  5 bats
  3 frilled lizards (D:2)
  7 kobolds
  3 rats
60 creatures vanquished.

Vanquished Creatures (others)
  10 plants (D:4)
10 creatures vanquished.

Grand Total: 70 creatures vanquished

Notes
Turn   | Place    | Note
-------+----------+-------------------------------------------
     0 | D:1      | knot the Demonspawn Berserker began the quest for the Orb.
     0 | D:1      | Reached XP level 1. HP: 18/18 MP: 1/1
    66 | D:1      | Reached skill level 3 in Axes
   489 | D:1      | Gained mutation: You regenerate magic rapidly. [demonic
                  | ancestry]
   489 | D:1      | Reached XP level 2. HP: 16/24 MP: 2/2
  1693 | D:2      | Reached XP level 3. HP: 19/29 MP: 3/3
  1695 | D:2      | Reached skill level 4 in Axes
  2481 | D:2      | Reached ** piety under Trog
  2876 | D:3      | Noticed an ice beast
  3024 | D:3      | Reached XP level 4. HP: 32/35 MP: 4/4
  3777 | D:3      | Reached skill level 5 in Axes
  4277 | D:4      | Noticed a phantom
  4306 | D:4      | Killed a phantom
  4307 | D:4      | Discovered your monstrous ancestry.
  4307 | D:4      | Gained mutation: You have large cloven feet. [demonic
                  | ancestry]
  4307 | D:4      | Reached XP level 5. HP: 14/41 MP: 5/5
  4307 | D:4      | Quit the game

Illustrated notes

Levels and vault maps discovered:
D:1:      matt_arrival_grand_opening, layout_loops_ring, minivault_4,
          minmay_misc_feat_secret_circle, st_stairs_10, wad_floor_pattern_2
D:2:      layout_basic
D:3:      layout_loops_corners
D:4:      layout_loops_ring, serial_bayou_pond_c

Skill      XL: |  1  2  3  4 |
---------------+-------------+-----
Axes           | 3 4 5 |  5.6
Fighting       | |  3.0
Armour         | |  1.7
Dodging        | |  1.7

Action                   |  1- 3 |  4- 6 || total
-------------------------+-------+-------++-------
Melee: Hand axe          |   124 |    69 ||   193
       Punch             |     3 |       ||     3
Throw: Stone             |    14 |     6 ||    20
Invok: Berserk           |     4 |     1 ||     5
 Stab: Sleeping          |     1 |       ||     1
Armor: Animal skin       |    16 |       ||    16
       Ring mail         |    20 |    29 ||    49
Dodge: Dodged            |    77 |    25 ||   102

Table legend: (Time is in decaauts)
 A = Elapsed time spent in this place.
 B = Non-inter-level travel time spent in this place.
 C = Inter-level travel time spent in this place.
 D = Time resting spent in this place.
 E = Time spent auto-exploring this place.
 F = Levels seen in this place.
 G = Mean time per level.
                   A        B        C        D        E       F      G
               +--------+--------+--------+--------+--------+-----+--------+
         Total |   4384 |   4123 |    261 |   1128 |   2441 |   4 | 1096.0 |
       Dungeon |   4384 |   4123 |    261 |   1128 |   2441 |   4 | 1096.0 |
               +--------+--------+--------+--------+--------+-----+--------+

Top non-repeatable levels by time:
     D:1: 1585 daAuts
     D:2: 1392 daAuts
     D:3: 1276 daAuts
     D:4: 129 daAuts
